 Dungeon Crawl Stone Soup version 0.29.0-15-g675c0067aa (webtiles) character file.

Game seed: 2470333251432865110

31655 smilodon the Basher (level 13, -11/103 HPs)
             Began as a Demonspawn Fighter on Sept 11, 2022.
             Was a Priest of Qazlal.
             Killed from afar by an ice dragon (46 damage)
             ... with a blast of cold
             ... on level 13 of the Dungeon.
             The game lasted 00:40:37 (19107 turns).

smilodon the Basher (Demonspawn Fighter)           Turns: 19107, Time: 00:40:37

Health: -11/103    AC: 24    Str: 21    XL:     13   Next: 27%
Magic:  15/19      EV: 11    Int: 10    God:    Qazlal [***...]
Gold:   833        SH: 13    Dex: 13    Spells: 12/12 levels left

rFire   . . .      SeeInvis .   r - +2 whip (elec)
rCold   . . .      Faith    +   t - +2 buckler
rNeg    . . .      Spirit   .   x - +0 plate armour
rPois   .          Reflect  .   R - +1 helmet
rElec   .          Harm     .   G - +1 cloak
rCorr   .          Rampage  .   j - +0 pair of gloves
Will    +....                   e - +0 pair of boots
Stlth   ..........              k - amulet of faith
HPRegen 0.27/turn               z - ring of willpower
MPRegen 0.16/turn               K - +4 ring of evasion

@: about to teleport
A: hooves 1, molten scales 2, powered by death 1, sense surroundings 1
a: Renounce Religion, Upheaval, Elemental Force


You were on level 13 of the Dungeon.
You worshipped Qazlal.
Qazlal was most pleased with you.
You visited 2 branches of the dungeon, and saw 14 of its levels.
You also visited: Sewer and Bailey.

You collected 833 gold pieces.

Inventory:

Hand Weapons
 a - a +0 long sword
 d - a +2 vorpal flail
 r - a +2 whip of electrocution (weapon)
 D - a -2 demon whip of venom
 U - a +1 antimagic flail
Missiles
 m - 60 poisoned darts
 A - 2 throwing nets
 I - 11 boomerangs (quivered)
Armour
 e - a +0 pair of boots (worn)
 j - a +0 pair of gloves (worn)
 t - a +2 buckler (worn)
 x - a +0 plate armour (worn)
 G - a +1 cloak (worn)
 R - a +1 helmet (worn)
Jewellery
 b - a ring of protection from fire
 k - an amulet of faith (around neck)
 z - a ring of willpower (left hand)
 K - a +4 ring of evasion (right hand)
Wands
 n - a wand of roots (12)
 O - a wand of polymorph (4)
 S - a wand of paralysis (3)
Scrolls
 f - 3 scrolls of noise
 o - 5 scrolls of teleportation
 p - 2 scrolls of blinking
 v - a scroll of amnesia
 F - 3 scrolls of vulnerability
 P - a scroll of fear
 Q - 2 scrolls of butterflies
 W - a scroll of poison
 X - 2 scrolls of identify
Potions
 g - 3 potions of resistance
 h - 3 potions of degeneration
 i - 2 potions of ambrosia
 s - a potion of haste
 w - 2 potions of magic
 B - 3 potions of curing
 C - a potion of attraction
 H - a potion of brilliance
 L - 2 potions of berserk rage
 M - a potion of heal wounds
 N - a potion of invisibility
 T - 2 potions of flight
 V - a potion of lignification
Miscellaneous
 y - a lightning rod (3/4)


   Skills:
 + Level 10.2 Fighting
 - Level 3.2 Long Blades
 * Level 11.9 Maces & Flails
 + Level 9.4 Armour
 - Level 3.0 Dodging
 + Level 9.4 Shields
 - Level 8.3 Invocations


You had 12 spell levels left.
You didn't know any spells.
Your spell library contained the following spells:

 Spells                   Type           Power      Damage    Failure   Level
 Apportation              Tloc           0%         N/A       100%        1
 Magic Dart               Conj           0%         1d3       100%        1
 Call Imp                 Summ           0%         N/A       100%        2
 Frozen Ramparts          Ice            0%         1d1       100%        3
 Inner Flame              Hex/Fire       0%         N/A       100%        3
 Mephitic Cloud           Conj/Pois/Air  0%         N/A       100%        3
 Anguish                  Hex/Necr       0%         N/A       100%        4
 Cause Fear               Hex            0%         N/A       100%        4
 Ice Form                 Ice/Tmut       0%         N/A       100%        4
 Summon Ice Beast         Ice/Summ       0%         N/A       100%        4
 Alistair's Intoxication  Tmut/Pois      0%         N/A       100%        5
 Enfeeble                 Hex            0%         N/A       100%        7
 Discord                  Hex            0%         N/A       100%        8


Dungeon Overview and Level Annotations

Branches:
Dungeon (13/15)            Temple (1/1) D:6            Lair (0/5) D:10
    Orc (0/2) D:9           Sewer (visited)          Bailey (visited)
 Vaults: D:13-14

Altars:
Ashenzari
Cheibriados
Dithmenos
Fedhas
Gozag
Hepliaklqana
Kikubaaqudgha
Makhleb
Nemelex Xobeh
Okawaru
Qazlal
Ru
Sif Muna
Trog
Uskayaw
Vehumet
Wu Jian
Xom
Yredelemnul

Shops:
D:2 :   D:7 *(   D:12 [


Innate Abilities, Weirdness & Mutations

You have large cloven feet.
You are mostly covered in molten scales. (AC +3)
You regenerate a little health from kills.
You passively map a small area around you.


Message History

The cutting wind hits the meliai!
The meliai is moderately wounded.
The storm surrounding you is now too weak to repel missiles.
You will no longer adapt resistances upon receiving elemental damage.
The meliai invokes the aid of its god against you.
Something smites you!
Aiming: Upheaval
Press: ? - help, Dir - move target, f/p - meliai
Aim: a meliai, wielding a +0 hand axe and wearing a +0 leather armour (moderately wounded)
A blizzard blasts the area with ice!
The blast of ice hits the meliai!!
You kill the meliai!
Qazlal accepts your kill.
You start resting.
An ice dragon is nearby!
Okay, then.
Okay, then.
Okay, then.
As you read the scroll of teleportation, it crumbles to dust.
You feel strangely unstable.
Aiming: Thunderbolt
Press: ? - help, Shift-Dir - straight line, f - you
Okay, then.
Aiming: Fastroot
Press: ? - help, Shift-Dir - straight line The roots erupt in riotous growth!
Roots grab the ice dragon.
The grasping roots constrict the ice dragon.
The ice dragon struggles to escape constriction.
The grasping roots constrict the ice dragon!
The roots release their grip on the ice dragon.
Aiming: Thunderbolt
Press: ? - help, Shift-Dir - straight line, f - ice dragon
Aim: an ice dragon (lightly wounded)
The thunderbolt hits the ice dragon!
The ice dragon is lightly wounded.
You hear a horrible gurgling sound!
The ice dragon breathes frost at you. The blast of cold hits you!!!
You die...

.......# #..#
........# #..#
###..#..# #..#
,
....y..####..#
... .).yy....#
,...####.## ,
, #)# *
..####.####
...$)D...)@# ,
....###..###
.# #..# #..#
#..# , * **
#..# * ....
#..#* , ,


You could see an ice dragon (catching breath).

Vanquished Creatures
  An orc warlord (Bailey)
  Harold (D:9)
  A boulder beetle (D:11)
  A hydra (D:12)
  Erolcha (D:10)
  4 two-headed ogres
  A tengu warrior (D:13)
  Amaemon (D:9)
  3 manticores
  A cyclops (D:12)
  A gargoyle (D:11)
  An orange demon (D:9)
  3 kobold demonologists (D:13)
  Psyche (D:8)
  2 komodo dragons (D:11)
  3 meliai (D:13)
  2 trolls
  A hornet (D:8)
  4 slime creatures
  Sigmund (D:5)
  3 wraiths
  17 yaks
  2 basilisks
  3 steam dragons
  10 vampire mosquitoes
  An acid dragon (D:12)
  2 water moccasins
  4 ice beasts
  5 orc warriors
  A sky beast (D:7)
  A black bear (D:8)
  A black bear (shapeshifter) (D:13)
  11 centaurs
  7 kobold brigands
  A bullfrog (D:7)
  3 gnoll sergeants
  3 scorpions
  5 wights (D:8)
  3 killer bees (D:11)
  3 howler monkeys
  2 bullfrog zombies (D:5)
  2 jellies
  3 orc priests
  6 hounds
  8 iguanas
  Terence (D:2)
  A scorpion zombie (D:5)
  10 orc wizards
  2 hound zombies (D:5)
  Robin (D:4)
  A howler monkey zombie (D:5)
  19 gnolls
  7 adders
  4 river rats (Sewer)
  An ufetubus (D:4)
  3 worms
  3 dart slugs
  33 orcs
  15 ball pythons
  5 endoplasms
  4 giant cockroaches
  14 goblins
  18 hobgoblins
  8 jackals
  52 kobolds
  7 bats
  6 frilled lizards
  22 rats
378 creatures vanquished.

Vanquished Creatures (collateral kills)
  Maurice (D:9)
  A troll (D:9)
2 creatures vanquished.

Vanquished Creatures (others)
  A jelly (D:7)
  9 plants
10 creatures vanquished.

Grand Total: 390 creatures vanquished

Notes
Turn   | Place    | Note
-------+----------+-------------------------------------------
     0 | D:1      | smilodon the Demonspawn Fighter began the quest for the
                  | Orb.
     0 | D:1      | Reached XP level 1. HP: 18/18 MP: 1/1
   262 | D:1      | Gained mutation: You are partially covered in molten
                  | scales. (AC +2) [demonic ancestry]
   262 | D:1      | Reached XP level 2. HP: 24/24 MP: 2/2
   269 | D:1      | You fall into a shaft and drop 1 floor!
   594 | D:1      | Reached XP level 3. HP: 27/29 MP: 3/3
  1667 | D:2      | Noticed Terence
  1685 | D:2      | Killed Terence
  1686 | D:2      | Reached XP level 4. HP: 29/36 MP: 4/4
  1852 | D:2      | Found Cyotiraw's Book Shop.
  2112 | D:3      | Reached XP level 5. HP: 17/42 MP: 5/5
  2859 | D:3      | Reached XP level 6. HP: 16/48 MP: 6/6
  3755 | D:4      | Found a sacrificial altar of Ru.
  3991 | D:4      | Reached skill level 1 in Maces & Flails
  4078 | D:4      | Found a glowing drain.
  4086 | Sewer    | Entered a sewer
  4879 | Sewer    | Reached skill level 2 in Maces & Flails
  4917 | Sewer    | Reached XP level 7. HP: 21/55 MP: 7/7
  5475 | D:4      | Noticed Robin
  5672 | D:4      | Killed Robin
  5924 | D:5      | Entered Level 5 of the Dungeon
  5938 | D:5      | Noticed Sigmund
  5944 | D:5      | Killed Sigmund
  5945 | D:5      | Reached skill level 5 in Fighting
  5945 | D:5      | Reached skill level 3 in Maces & Flails
  5945 | D:5      | Reached skill level 1 in Dodging
  6042 | D:5      | Reached XP level 8. HP: 62/62 MP: 8/8
  6350 | D:5      | Reached skill level 4 in Maces & Flails
  6445 | D:5      | Reached skill level 5 in Armour
  6445 | D:5      | Reached skill level 5 in Shields
  6552 | D:5      | Found a snail-covered altar of Cheibriados.
  6552 | D:5      | Found a bloodstained altar of Trog.
  6846 | D:5      | Found a basalt altar of Yredelemnul.
  7340 | D:6      | Identified the +0 ring mail of Neviyxiq {rPois}
  7692 | D:6      | Reached skill level 5 in Maces & Flails
  7752 | D:6      | Found a staircase to the Ecumenical Temple.
  7766 | Temple   | Entered the Ecumenical Temple
  7786 | Temple   | Became a worshipper of Qazlal Stormbringer
  7819 | D:6      | Gained mutation: You are mostly covered in molten scales.
                  | (AC +3) [demonic ancestry]
  7819 | D:6      | Reached XP level 9. HP: 69/69 MP: 9/9
  7835 | D:6      | Reached skill level 1 in Invocations
  7930 | D:6      | Found a shadowy altar of Dithmenos.
  8348 | D:7      | Found a hazy altar of Hepliaklqana.
  9157 | D:7      | Reached skill level 6 in Maces & Flails
  9425 | D:7      | Found Goewef's Hydra Hut.
  9439 | D:7      | Noticed a six-headed hydra
  9455 | D:7      | Found Pigaick's Elemental Accessories.
  9849 | D:7      | Identified a scroll of acquirement
  9849 | D:7      | Acquired a +4 ring of evasion
  9854 | D:7      | Gained mutation: You passively map a small area around you.
                  | [potion of mutation]
 10222 | D:8      | Noticed Psyche
 10228 | D:8      | Killed Psyche
 10229 | D:8      | Reached skill level 5 in Invocations
 10638 | D:8      | Identified the +0 leather armour of Quantum Leap {rC+++
                  | Str-5 Int-2 Stlth+}
 10714 | D:8      | Reached XP level 10. HP: 71/77 MP: 14/14
 11329 | D:9      | Found a staircase to the Orcish Mines.
 11335 | D:9      | Noticed Maurice
 11365 | D:9      | Reached skill level 7 in Maces & Flails
 11373 | D:9      | Paralysed by something for 3 turns
 11404 | D:9      | Killed Maurice
 11697 | D:9      | Noticed an orange demon
 12293 | D:9      | Reached * piety under Qazlal
 12542 | D:9      | Noticed Amaemon
 12554 | D:9      | Killed Amaemon
 12572 | D:9      | Killed an orange demon
 12736 | D:9      | Reached skill level 8 in Maces & Flails
 12753 | D:9      | Noticed Harold
 12770 | D:9      | Killed Harold
 12771 | D:9      | Reached XP level 11. HP: 69/85 MP: 17/17
 13106 | D:10     | Entered Level 10 of the Dungeon
 13295 | D:10     | Found a flagged portal.
 13344 | D:10     | Noticed Erolcha
 13388 | Bailey   | Entered a bailey
 13409 | Bailey   | Noticed an orc warlord
 13420 | Bailey   | Reached ** piety under Qazlal
 13764 | Bailey   | Found a runed translucent gate.
 13766 | Bailey   | Found a runed translucent gate.
 13767 | Bailey   | Found a runed translucent gate.
 13869 | Bailey   | Killed an orc warlord
 14325 | D:10     | Killed Erolcha
 14328 | D:10     | Reached skill level 10 in Maces & Flails
 14328 | D:10     | Gained mutation: You regenerate a little health from kills.
                  | [demonic ancestry]
 14328 | D:10     | Reached XP level 12. HP: 90/94 MP: 14/18
 14643 | D:10     | Found a staircase to the Lair.
 15738 | D:11     | Noticed a boulder beetle
 15768 | D:11     | Killed a boulder beetle
 16152 | D:11     | Reached *** piety under Qazlal
 16345 | D:11     | Noticed a two-headed ogre
 16354 | D:11     | Killed a two-headed ogre
 16472 | D:11     | Noticed a two-headed ogre
 16481 | D:11     | Killed a two-headed ogre
 16482 | D:11     | Reached skill level 11 in Maces & Flails
 17031 | D:12     | Found Fopuo's Armour Shop.
 17511 | D:12     | Noticed a four-headed hydra
 17522 | D:12     | Killed a four-headed hydra
 17523 | D:12     | Gained mutation: You have large cloven feet. [demonic
                  | ancestry]
 17523 | D:12     | Reached XP level 13. HP: 89/103 MP: 19/19
 17663 | D:12     | Reached skill level 10 in Fighting
 18222 | D:13     | Reached **** piety under Qazlal
 19107 | D:13     | Killed from afar by an ice dragon

Illustrated notes

Levels and vault maps discovered:
D:1:      spicycebolla_arrival_ecumenical, layout_basic, grunt_decor_cap
D:2:      minmay_spotlight, layout_rooms, serial_shops, shop,
          minmay_pentomino_r2, uniq_terence
D:3:      layout_loops_ring, serial_park_tiny_1
D:4:      layout_gridville, mainiacjoe_overflow_alcove_2,
          cheibrodos_sewer_entry_bend, uniq_robin
D:5:      layout_basic, nicolae_yredelemnul_corpse_copse,
          nicolae_overflow_two_pavilions, uniq_sigmund
D:6:      layout_loops_cross, grunt_dithmenos_smoke, minmay_temple_entry_trees
D:7:      layout_basic, worldfamousw_hep_ancestral_shrine,
          nicolae_elemental_shop, doesnt_shop_hydraphobe
D:8:      layout_cave_pods, hangedman_abyss_or_decor_passed,
          serial_bayou_pond_c, uniq_psyche
D:9:      layout_loops_cross, nicolae_tso_swordbearing_angel, uniq_amaemon,
          uniq_maurice, uniq_harold
D:10:     layout_cave_pods, lair_entry_dummy, enter_bailey_1,
          minmay_misc_feat_tower, uniq_erolcha
D:11:     layout_gridville, minmay_lizard_king
D:12:     layout_roguey, serial_shops, nicolae_shop_hallway_stairs,
          kennysheep_generic_room_10
D:13:     layout_basic, david_vaults_4, gauntlet_entry_generic, uniq_josephine
Temple:   hellmonk_temple_two_chambers

Skill      XL: |  1  2  3  4  5  6  7  8  9 10 11 12 13 |
---------------+----------------------------------------+-----
Long Blades    | 2 3 |  3.2
Armour         | 3 4 5 6 7 8 9 |  9.4
Shields        | 3 4 5 6 8 9 |  9.4
Fighting       | 4 5 6 7 8 9 10 | 10.2
Maces & Flails | 2 3 5 6 8 10 11 | 11.9
Dodging        | 1 2 3 |  3.0
Invocations    | 5 8 |  8.3

Action                   |  1- 3 |  4- 6 |  7- 9 | 10-12 | 13-15 || total
-------------------------+-------+-------+-------+-------+-------++-------
Melee: Long sword        |   137 |   125 |       |       |       ||   262
       Flail             |       |   124 |       |       |       ||   124
       Whip              |       |    89 |   496 |   775 |   177 ||  1537
       Unarmed           |       |       |       |     1 |       ||     1
Throw: Dart              |       |     2 |     2 |     1 |       ||     5
       Boomerang         |       |       |       |     8 |       ||     8
Invok: Upheaval          |       |       |       |     2 |     4 ||     6
Evoke: Wand              |       |       |     3 |    14 |     2 ||    19
       Lightning rod     |       |       |       |       |     1 ||     1
  Use: Potion            |     5 |     6 |    12 |     7 |     1 ||    31
       Scroll            |     4 |     1 |     5 |     9 |     5 ||    24
 Stab: Invisible         |       |       |       |     1 |       ||     1
Armor: Scale mail        |    88 |   247 |    10 |       |       ||   345
       Plate armour      |       |       |   323 |   213 |    72 ||   608
       Skin              |       |       |       |     1 |       ||     1
Dodge: Dodged            |    64 |   194 |   146 |   192 |    47 ||   643
       Repelled          |       |       |       |       |     1 ||     1
Block: Buckler           |    28 |   115 |   122 |   258 |    94 ||   617
